 Dungeon Crawl Stone Soup version 0.29-a0-887-gcbe080d7e0 (webtiles) character file.

Game seed: 6038667634030196201

110871 iguanaiguana the Thaumaturge (level 17, -6/112 HPs)
             Began as a Djinni Summoner on July 21, 2022.
             Was the Champion of Hepliaklqana.
             Killed from afar by an eleionoma (36 damage)
             ... with a spray of wooden splinters
             ... on level 1 of the Swamp.
             The game lasted 02:34:17 (29624 turns).

iguanaiguana the Thaumaturge (Djinni Summoner)     Turns: 29624, Time: 02:34:18

Health: -6/112     AC: 15    Str:  7    XL:     17   Next: 11%
Gold:   2724       EV: 14    Int: 26    God:    Hepliaklqana [******] SH: 12 Dex: 16

rFire   + + +      SeeInvis +   a - +7 hand axe of the Mauling Gods {elec, *Corrode rC+ Will++ Stlth+}
rCold   . . .      Faith    .   o - +0 kite shield
rNeg    . . .      Spirit   .   Y - +2 troll leather armour
rPois   ∞          Reflect  .   M - +0 helmet "Ugrae" {rPois Will+ Int+3}
rElec   .          Harm     .   B - +1 cloak
rCorr   .          Rampage  .   z - +0 pair of gloves
Will    ++++.                   (boots unavailable)
Stlth   +++.......              j - amulet of Mofoggeg {rF+ Regen+}
HPRegen 1.88/turn               A - +4 ring of protection
MPRegen 0.00/turn               I - ring of see invisible

@: flying, very slightly contaminated
A: reduced essence, sickness immunity, fire resistance 2, cold vulnerability 1,
float, innate caster, HP casting, extra vitality 1
a: Renounce Religion, Recall Ancestor, Ancestor Identity, Transference, Idealise


You were on level 1 of the Swamp.
You worshipped Hepliaklqana.
Hepliaklqana was exalted by your worship.
You visited 5 branches of the dungeon, and saw 25 of its levels.
You also visited: Gauntlet and Volcano.

You collected 3192 gold pieces.
You spent 468 gold pieces at shops.

Inventory:

Hand Weapons
 a - the +7 hand axe of the Mauling Gods (weapon) {elec, *Corrode rC+ Will++ Stlth+}
   (You found it on level 8 of the Dungeon)

   It occasionally discharges a powerful burst of electricity upon striking a
   foe.
   rC:        It protects you from cold.
   *Corrode:  It may corrode you when you take damage.
   Will:      It greatly increases your willpower.
   Stlth:     It makes you more stealthy.
Missiles
 n - 41 poisoned darts (quivered)
 y - 35 boomerangs
 P - 5 curare-tipped darts
 U - 2 silver javelins
 W - 4 javelins
Armour
 g - +0 fire dragon scales
 o - a +0 kite shield (worn)
 z - a +0 pair of gloves (worn)
 B - a +1 cloak (worn)
 M - the +0 helmet "Ugrae" (worn) {rPois Will+ Int+3}
   (You found it in a Gauntlet)

   Int:       It affects your intelligence (+3).
   rPois:     It protects you from poison.
   Will:      It increases your willpower.
 Y - a +2 troll leather armour (worn)
Magical Staves
 b - a staff of air
 V - a staff of death
Jewellery
 j - the amulet of Mofoggeg (around neck) {rF+ Regen+}
   (You acquired it on level 1 of the Orcish Mines)

   [amulet of regeneration]

   rF:        It protects you from fire.
   Regen:     It increases your rate of health regeneration.
 u - a ring of fire
 A - a +4 ring of protection (left hand)
 F - a ring of positive energy
 I - a ring of see invisible (right hand)
 T - a ring of wizardry
 X - a ring of protection from fire
Wands
 d - a wand of charming (18)
 i - a wand of flame (12)
 G - a wand of polymorph (12)
 J - a wand of digging (3) {@v3}
 Q - a wand of roots (28)
 R - a wand of acid (10) {@v1}
Scrolls
 h - 3 scrolls of fear
 p - 4 scrolls of vulnerability
 q - 3 scrolls of immolation
 s - 6 scrolls of magic mapping {@r5}
 v - 6 scrolls of teleportation {@r3}
 x - 2 scrolls of poison
 C - 3 scrolls of fog
 D - 3 scrolls of silence
 H - a scroll of torment
 L - 3 scrolls of blinking {@r4}
Potions
 c - 7 potions of curing {@q1}
 e - 5 potions of heal wounds {@q2}
 f - 3 potions of invisibility
 k - 2 potions of ambrosia
 m - 7 potions of brilliance
 r - 2 potions of berserk rage
 t - 3 potions of mutation
 w - 5 potions of haste {@q4}
 E - 2 potions of resistance {@q5}
 N - 4 potions of lignification
 O - a potion of cancellation
 S - 3 potions of might {@q3}
Miscellaneous
 l - a lightning rod (4/4)
 K - a phantom mirror


   Skills:
 + Level 12.9 Fighting
 - Level 7.8(8.0) Axes
 - Level 1.9(5.3) Polearms
 - Level 4.0 Throwing
 - Level 4.0 Armour
 - Level 8.0 Dodging
 - Level 1.5 Stealth
 - Level 10.0 Shields
 - Level 14.0 Spellcasting
 - Level 10.0 Invocations
 - Level 6.0 Evocations


You couldn't memorise any spells.
You knew the following spells:

 Your Spells              Type           Power      Damage    Failure   Level
a - Anguish               Hex/Necr       37%        N/A       1%          4
b - Summon Lightning Spi  Summ/Air       74%        N/A       1%          4
c - Summon Cactus Giant   Summ           37%        N/A       4%          6
d - Summon Guardian Gole  Hex/Summ       74%        N/A       1%          3
e - Summon Forest         Summ/Tloc      37%        N/A       1%          5
f - Iron Shot             Conj/Erth      37%        9d7       4%          6
g - Blink                 Tloc           100%       N/A       1%          2
h - Confusing Touch       Hex            74%        N/A       1%          3
i - Summon Small Mammal   Summ           100%       N/A       1%          1
j - Agony                 Necr           74%        N/A       1%          5
k - Sandblast             Erth           100%       2d20      1%          1
l - Call Imp              Summ           74%        N/A       1%          2
m - Call Canine Familiar  Summ           74%        N/A       1%          3
Your spell library was empty.

Dungeon Overview and Level Annotations

Branches:
Dungeon (15/15) Zot: 26410  Temple (1/1) D:7 Zot: 5956    Lair (5/5) D:8 Zot: 21055
  Swamp (2/4) Lair:3 Zot: 11463   Snake (0/4) Lair:2        Slime (0/5) Lair:4
    Orc (2/2) D:10 Zot: 10919     Elf (0/3) Orc:2        Vaults (0/5) D:14
 Depths (0/4) D:15        Volcano (visited)         Gauntlet (visited)

Altars:
Ashenzari
Cheibriados
Dithmenos
Elyvilon
Fedhas
Gozag
Hepliaklqana
Makhleb
Nemelex Xobeh
Okawaru
Qazlal
Ru
Trog
Uskayaw
Wu Jian
Xom
Yredelemnul
Zin
The Shining One
Jiyva

Shops:
D:8 (   D:13 =(   Orc:2 [:[(

Portals:
Hell: Lair:5

Annotations:
D:6 2 transporters, lunkers's ghost, novice MeAE
D:13 3 runed translucent doors, exclusion: door, Aurophilus's ghost, journeyman HOFi; Roczioh's ghost, journeyman DsEn


Innate Abilities, Weirdness & Mutations

Your life essence is reduced to manifest your ancestor. (-10% HP)
You are immune to sickness and miasma.
You are immune to poison.
Your flesh is very heat resistant. (rF++)
You are vulnerable to cold. (rC-)
You float through the air rather than walking.
You learn spells naturally, not from books.
Your magical power is your life essence.
You have superior vitality. (+4 MHP)


Message History

Casting: Summon Cactus Giant (dangerous; 4% risk of failure)
Confirm with . or Enter, or press ? or * to list all spells.
Aiming: Iron Shot (dangerous; 4% risk of failure)
Press: ? - help, Shift-Dir - straight line, f - eleionoma
Aim: an eleionoma (moderately wounded, poisoned, ally target, 74% to hit)
The iron shot hits the eleionoma!!
The eleionoma is severely wounded.
* * * LOW HITPOINT WARNING * * *
The eleionoma touches a tree and draws upon its vitality.
The eleionoma is healed.
Your cactus giant completely misses the eleionoma.
Casting: Iron Shot (dangerous; 4% risk of failure)
Confirm with . or Enter, or press ? or * to list all spells.
Aiming: Iron Shot (dangerous; 4% risk of failure)
Press: ? - help, Shift-Dir - straight line, f/p - eleionoma
Aim: an eleionoma (poisoned, ally target, 74% to hit)
The iron shot hits the eleionoma!!
The eleionoma is heavily wounded.
* * * LOW HITPOINT WARNING * * *
Casting: Iron Shot (dangerous; 4% risk of failure)
Confirm with . or Enter, or press ? or * to list all spells.
Aiming: Iron Shot (dangerous; 4% risk of failure)
Press: ? - help, Shift-Dir - straight line, f/p - eleionoma
Aim: an eleionoma (heavily wounded, poisoned, ally target, 74% to hit)
You miscast Iron Shot.
You are very lightly contaminated with residual magic.
You are blasted with sand.
* * * LOW HITPOINT WARNING * * *
The eleionoma hurls a spray of splinters at you.
Your cactus giant hits the eleionoma with a +0 giant spiked club!!
Casting: Iron Shot (dangerous; 4% risk of failure)
Confirm with . or Enter, or press ? or * to list all spells.
Aiming: Iron Shot (dangerous; 4% risk of failure)
Press: ? - help, Shift-Dir - straight line, f/p - eleionoma
Aim: an eleionoma (severely wounded, poisoned, ally target, 74% to hit)
The iron shot misses the eleionoma.
* * * LOW HITPOINT WARNING * * *
The eleionoma hurls a spray of splinters at you.
The spray of wooden splinters hits you!!!
You die...

♣♣♣♣..♣♣..♣
♣♣.≈♣?..♣≈.♣♣ ♣♣
♣≈≈.#.[.♣.≈^♣♣♣♣
♣.
♣≈..##'##≈§.♣.§♣
♣♣.
♣♣§§.≈.§..§♣♣..♣
♣≈≈
♣♣♣.....♣♣♣...♣
♣♣.≈ ♣♣≈...♣♣
♣♣>.♣ ♣...
♣.....♣
♣♣...♣♣♣♣♣.♣
♣♣≈@.♣♣
♣.♣♣.≈.♣♣..♣
♣≈R≈♣
♣♣.♣.≈§[≈..♣
♣♣≈C≈♣
♣♣>♣.♣≈R≈≈.♣
♣.≈"≈♣
♣....♣♣....♣
♣♣≈≈§♣♣
♣...♣♣♣♣♣.≈.
♣.≈.♣.♣ ♣...♣
♣♣♣≈.
♣≈.≈♣.♣♣♣...♣
♣≈...
♣♣§.≈♣♣.♣.≈.♣♣
♣♣.♣.
♣≈≈.♣♣♣.≈≈§.♣
♣≈≈≈≈


You could see an eleionoma (poisoned, ally target) and a friendly cactus giant
(summoned).

Vanquished Creatures
  An eleionoma (Swamp:2)
  2 fire dragons (D:15)
  An ice dragon (D:14)
  A hydra (Swamp:1)
  4 two-headed ogres
  A swamp dragon (Swamp:2)
  2 bog bodies
  A spriggan druid (Swamp:2)
  A manticore (D:14)
  3 ugly things
  2 orange demons (D:12)
  2 cane toads
  A kobold demonologist (D:13)
  4 trolls
  A polar bear (Lair:5)
  An alligator zombie (Swamp:1)
  A blink frog (Lair:4)
  A vampire (D:11)
  A basilisk (Lair:5)
  5 yaks
  A vampire mosquito (D:12)
  7 water moccasins
  3 orc warriors
  A sky beast (D:7)
  5 ogres
  2 centaurs
  A bullfrog (Lair:3)
  A killer bee (D:9)
  2 jellies (D:6)
  3 orc priests
  2 hounds
  An iguana (D:6)
  An orc wizard (D:10)
  3 gnolls
  4 adders (Lair:4)
  A shadow imp (D:6)
  A dart slug (D:1)
  12 orcs
  A ball python (D:2)
  3 endoplasms
  A giant cockroach (D:4)
  3 hobgoblins
  A jackal (D:2)
  10 kobolds
  2 rats
108 creatures vanquished.

Vanquished Creatures (collateral kills)
  A thorn hunter (Swamp:1)
  2 eleionomae (Swamp:1)
  A minotaur (Gauntlet)
  A fire dragon (D:14)
  A green death (Gauntlet)
  4 boulder beetles
  7 hydras
  2 ogre magi (Orc:2)
  A ghost crab (Swamp:1)
  A hell beast (Lair:5)
  4 two-headed ogres (Orc:2)
  4 centaur warriors
  2 alligators (Swamp:1)
  A death yak (Lair:5)
  Nergalle (Lair:3)
  2 sixfirhies (D:12)
  4 skeletal warriors (D:12)
  5 goliath frogs
  4 lindwurms
  A deep troll (Orc:2)
  A bog body (Swamp:1)
  A wizard (Lair:5)
  A necromancer (Swamp:1)
  2 orc sorcerers (Orc:2)
  6 ugly things
  2 slime creatures (D:13)
  A manticore (D:14)
  Maurice (Orc:2)
  12 cyclopes
  3 molten gargoyles (Volcano)
  3 black mambas
  A gargoyle (D:12)
  5 elephants (Lair:5)
  7 orange demons
  10 cane toads
  An apocalypse crab (Gauntlet)
  A smoke demon (Lair:5)
  A kobold demonologist (D:12)
  An efreet (D:14)
  6 komodo dragons
  A hellwing (D:12)
  A freezing wraith (D:14)
  A tengu conjurer (D:14)
  7 rime drakes
  2 ice devils
  A bloated husk (Swamp:2)
  A hornet (Swamp:2)
  10 trolls
  10 blink frogs
  A spectral dream sheep (Gauntlet)
  4 dream sheep (Lair:5)
  A centaur simulacrum (D:15)
  2 spriggans (Swamp:2)
  5 water elementals
  A ynoxinul (D:12)
  2 vampires
  4 wyverns
  4 hogs (Lair:3)
  3 wraiths
  4 basilisks
  30 yaks
  3 fire elementals (Volcano)
  2 vampire mosquitoes (D:12)
  4 swamp worms
  5 nagas (Lair:2)
  A warg (Orc:1)
  24 water moccasins
  4 hell hounds (Lair:5)
  2 swamp drakes
  An ice beast (D:7)
  A swamp dragon zombie (Swamp:1)
  An alligator simulacrum (Swamp:1)
  7 orc warriors
  14 ogres
  2 sky beasts (D:7)
  4 wolves (Lair:1)
  8 centaurs
  6 kobold brigands
  A necrophage (D:6)
  5 bullfrogs
  2 scorpions (D:7)
  2 earth elementals (Volcano)
  7 wights
  9 killer bees
  A swamp dragon simulacrum (Swamp:1)
  8 electric eels
  5 howler monkeys
  A jelly (D:5)
  A quasit (D:12)
  6 orc priests
  A hound (D:6)
  2 gnoll boudas
  16 orc wizards
  An iguana (D:6)
  4 hell rats (Lair:1)
  13 adders
  11 gnolls
  A shadow imp (D:6)
  An ufetubus (D:5)
  4 worms
  3 dart slugs
  56 orcs
  6 ball pythons
  2 bats
  5 endoplasms
  3 giant cockroaches
  6 goblins
  3 hobgoblins
  22 kobolds
  6 quokkas
  4 frilled lizards
  4 rats
  A bush (Lair:5)
  A butterfly (Lair:1)
523 creatures vanquished.

Vanquished Creatures (others)
  Gastronok (D:10)
  Kirke (Lair:3)
  An ettin (Orc:2)
  A fire dragon (D:15)
  A hydra (Lair:5)
  3 two-headed ogres
  A death scarab (Gauntlet)
  A skeletal warrior (D:12)
  A deep troll (Orc:2)
  2 bunyip zombies (Swamp:1)
  2 deep elf pyromancers
  A cyclops (D:15)
  2 manticores
  A molten gargoyle (Volcano)
  A gargoyle (D:11)
  3 komodo dragons
  A rime drake (Lair:3)
  3 efreet (Volcano)
  An ice devil (Lair:5)
  A bloated husk (Swamp:1)
  A hydra zombie (Swamp:1)
  A hornet (Swamp:2)
  2 blink frogs
  A dream sheep (Lair:5)
  7 yaks
  3 hogs (Lair:3)
  A basilisk (D:8)
  2 wyverns
  2 steam dragons
  Duvessa (D:4)
  A sky beast (D:6)
  2 orc warriors
  2 alligator simulacra (Swamp:1)
  An ogre (D:6)
  A gnoll sergeant (D:8)
  A necrophage (D:6)
  A scorpion (D:4)
  6 wights
  Dowan (D:4)
  5 killer bees (D:9)
  11 battlemagi
  A howler monkey (D:11)
  2 orc priests
  3 iguanas (D:6)
  2 orc wizards
  A hell rat (Lair:1)
  An ancestor (D:6)
  A gnoll (D:10)
  A shadow imp (D:6)
  A white imp (D:6)
  3 kobolds (D:7)
  2 bushes (Lair:5)
  5 demonic plants (D:12)
  4 fire vortices (Volcano)
  35 fungi
  45 plants
  8 snaplasher vines
197 creatures vanquished.

Grand Total: 828 creatures vanquished

Notes
Turn   | Place    | Note
-------+----------+-------------------------------------------
     0 | D:1      | iguanaiguana the Djinni Summoner began the quest for the
                  | Orb.
     0 | D:1      | iguanaiguana set off with the following spells memorised:
                  | Summon Small Mammal, Call Imp, Call Canine Familiar, Summon
                  | Guardian Golem, Summon Lightning Spire.
     0 | D:1      | Reached XP level 1. HP: 15/15 MP: 0/0
    80 | D:1      | Reached skill level 1 in Fighting
   320 | D:1      | Reached XP level 2. HP: 18/22 MP: 0/0
   381 | D:1      | Reached skill level 1 in Armour
   430 | D:1      | Found a faded altar of an unknown god.
   580 | D:1      | Reached XP level 3. HP: 15/27 MP: 0/0
   580 | D:1      | Learned a level 1 spell: Sandblast
  1789 | D:2      | Reached XP level 4. HP: 30/32 MP: 0/0
  1797 | D:2      | Reached skill level 4 in Spellcasting
  2719 | D:3      | Reached XP level 5. HP: 30/38 MP: 0/0
  2719 | D:3      | Learned a level 2 spell: Blink
  3267 | D:4      | Noticed Duvessa
  3314 | D:4      | Noticed an ogre
  3342 | D:4      | Killed an ogre
  3343 | D:4      | Reached skill level 5 in Spellcasting
  3343 | D:4      | Reached XP level 6. HP: 14/43 MP: 0/0
  3672 | D:4      | Noticed Dowan
  3875 | D:4      | Found a hazy altar of Hepliaklqana.
  3875 | D:4      | Found a hide-covered altar of Uskayaw.
  3880 | D:4      | Became a worshipper of Hepliaklqana the Forgotten
  4046 | D:4      | Killed Duvessa
  4047 | D:4      | Reached XP level 7. HP: 36/49 MP: 0/0
  4047 | D:4      | Learned a level 3 spell: Confusing Touch
  4063 | D:4      | Killed Dowan
  4064 | D:4      | Reached skill level 6 in Spellcasting
  4612 | D:5      | Entered Level 5 of the Dungeon
  5282 | D:6      | Noticed a water moccasin
  5293 | D:6      | Killed a water moccasin
  5622 | D:6      | Reached XP level 8. HP: 51/56 MP: 0/0
  5780 | D:6      | Noticed a yak
  5787 | D:6      | Killed a yak
  5915 | D:6      | Reached * piety under Hepliaklqana
  5931 | D:6      | Noticed a wraith
  5943 | D:6      | Reached XP level 9. HP: 20/55 MP: 0/0
  5943 | D:6      | Learned a level 4 spell: Anguish
  5953 | D:6      | Reached skill level 7 in Spellcasting
  6667 | D:6      | Found a transporter.
  6826 | D:6      | Reached skill level 8 in Spellcasting
  7178 | D:6      | Noticed a hornet
  7180 | D:6      | Noticed a queen bee
  7184 | D:6      | Noticed lunkers's ghost (novice MeAE)
  7213 | D:6      | Found a transporter.
  7555 | D:7      | Reached skill level 5 in Fighting
  7902 | D:7      | Found a staircase to the Ecumenical Temple.
  7963 | D:7      | Found a glowing silver altar of Zin.
  8453 | D:7      | Reached XP level 10. HP: 57/67 MP: 0/0
  8610 | Temple   | Entered the Ecumenical Temple
  8828 | D:7      | Reached skill level 5 in Dodging
  9021 | D:7      | Reached ** piety under Hepliaklqana
  9322 | D:8      | Reached skill level 1 in Shields
  9526 | D:8      | Noticed a two-headed ogre
  9541 | D:8      | Killed a two-headed ogre
 10000 | D:8      | Reached skill level 5 in Shields
 10026 | D:8      | Remembered your ancestor FailFrog as a battlemage
 10161 | D:8      | Found Noemyn's Weapon Shoppe.
 10313 | D:8      | Reached skill level 1 in Polearms
 10453 | D:8      | Found a staircase to the Lair.
 10609 | D:8      | Identified the +7 hand axe of the Mauling Gods {elec,
                  | *Corrode rC+ Will++ Stlth+}
 10742 | D:9      | Reached XP level 11. HP: 55/72 MP: 0/0
 10742 | D:9      | Learned a level 5 spell: Agony
 10985 | D:9      | Found a snail-covered altar of Cheibriados.
 10990 | D:9      | Found a shimmering altar of Xom.
 10994 | D:9      | Found a stormy altar of Qazlal.
 10995 | D:9      | Found a shadowy altar of Dithmenos.
 10997 | D:9      | Found a basalt altar of Yredelemnul.
 10998 | D:9      | Found an opulent altar of Gozag.
 11005 | D:9      | Found an ornate altar of the Wu Jian Council.
 11577 | D:10     | Entered Level 10 of the Dungeon
 11606 | D:10     | Noticed Gastronok
 11664 | D:10     | Killed Gastronok
 12224 | D:10     | Reached *** piety under Hepliaklqana
 12240 | D:10     | Reached skill level 1 in Invocations
 12267 | D:10     | Reached skill level 10 in Fighting
 12962 | D:10     | Reached skill level 5 in Invocations
 13310 | D:10     | Found a staircase to the Orcish Mines.
 13551 | Lair:1   | Entered Level 1 of the Lair of Beasts
 13728 | Lair:1   | Reached XP level 12. HP: 79/81 MP: 0/0
 14529 | Lair:1   | Reached skill level 9 in Spellcasting
 14555 | Lair:1   | Noticed an eight-headed hydra
 14570 | Lair:1   | Killed an eight-headed hydra
 14577 | Lair:1   | Reached **** piety under Hepliaklqana
 15553 | Lair:2   | Found a staircase to the Snake Pit.
 16389 | Lair:3   | Noticed Nergalle
 16404 | Lair:3   | Killed Nergalle
 16895 | Lair:3   | Noticed Kirke
 16904 | Lair:3   | Reached skill level 10 in Spellcasting
 16909 | Lair:3   | Reached XP level 13. HP: 47/86 MP: 0/0
 16909 | Lair:3   | Learned a level 5 spell: Summon Forest
 16910 | Lair:3   | Killed Kirke
 17469 | Lair:3   | Found a staircase to the Swamp.
 17712 | Lair:4   | Found a staircase to the Slime Pits.
 17713 | Lair:4   | Found a viscous altar of Jiyva.
 17857 | Lair:4   | Found a dark tunnel.
 17917 | Volcano  | Entered a volcano
 18173 | Volcano  | Reached skill level 11 in Spellcasting
 18692 | Volcano  | Reached skill level 10 in Shields
 19291 | Lair:4   | Reached ***** piety under Hepliaklqana
 20253 | Lair:5   | Entered Level 5 of the Lair of Beasts
 20260 | Lair:5   | Noticed a five-headed hydra
 20265 | Lair:5   | Killed a five-headed hydra
 20838 | Lair:5   | Reached XP level 14. HP: 63/92 MP: 0/0
 21022 | Lair:5   | Reached skill level 10 in Invocations
 21026 | Lair:5   | Reached skill level 1 in Evocations
 21028 | Lair:5   | Reached skill level 1 in Throwing
 22021 | Lair:5   | Reached skill level 5 in Evocations
 22369 | Lair:5   | Found a burning altar of Makhleb.
 22769 | Lair:5   | Found a gateway to Hell.
 23819 | D:11     | Reached skill level 1 in Axes
 24273 | D:11     | Noticed Sonja
 24275 | D:11     | Noticed Sonja
 24275 | D:11     | Sonja changed into Sonja the basilisk
 24286 | D:11     | Killed Sonja the basilisk
 24687 | D:12     | Reached XP level 15. HP: 72/99 MP: 0/0
 24687 | D:12     | Learned a level 6 spell: Iron Shot
 24981 | D:12     | Reached skill level 5 in Axes
 25828 | Orc:1    | Entered Level 1 of the Orcish Mines
 26172 | Orc:2    | Entered Level 2 of the Orcish Mines
 26201 | Orc:2    | Found a gate leading to a gauntlet.
 26228 | Gauntlet | Entered a Gauntlet
 26228 | Gauntlet | Found a transporter.
 26228 | Gauntlet | Found a transporter.
 26228 | Gauntlet | Found a transporter.
 26229 | Gauntlet | Found a transporter.
 26232 | Gauntlet | Found a transporter.
 26232 | Gauntlet | Found a transporter.
 26246 | Gauntlet | Found a transporter.
 26246 | Gauntlet | Found a transporter.
 26261 | Gauntlet | Found a transporter.
 26262 | Gauntlet | Found a transporter.
 26280 | Gauntlet | Found a transporter.
 26284 | Gauntlet | Found a transporter.
 26467 | Gauntlet | Identified the amulet of Red Wine {RegenMP Str+5}
 26550 | Gauntlet | Identified the +4 rapier of Turmoil {flame, *Slow +Blink
                  | rCorr Str+8}
 26552 | Gauntlet | Identified the +0 helmet "Ugrae" {rPois Will+ Int+3}
 26576 | Gauntlet | Found the brooch of Shielding {Spirit SH+8}
 26595 | Gauntlet | Identified the +1 chain mail of Ignis's Pride {Regen+}
 26685 | Orc:1    | Identified a scroll of acquirement
 26685 | Orc:1    | Acquired the amulet of Mofoggeg {rF+ Regen+}
 26735 | Orc:2    | Found a staircase to the Elven Halls.
 26749 | Orc:2    | Noticed Maurice
 26758 | Orc:2    | Killed Maurice
 26837 | Orc:2    | Found Qixas's Armour Emporium.
 26986 | Orc:2    | Reached skill level 12 in Spellcasting
 27030 | Orc:2    | Reached XP level 16. HP: 104/104 MP: 0/0
 27032 | Orc:2    | Found Peuquhor's Antique Armour Boutique.
 27033 | Orc:2    | Found Moys's Book Shoppe.
 27042 | Orc:2    | Found Naesarch's Weapon Shoppe.
 27389 | D:13     | Identified the +8 long sword of Inkiecetz {venom, Str+3
                  | Dex-4 Stlth+}
 27550 | D:13     | Noticed Nessos
 27551 | D:13     | Noticed Nessos
 27551 | D:13     | Nessos changed into Nessos the swamp worm
 27555 | D:13     | Killed Nessos the swamp worm
 27653 | D:13     | Found Atyojom's Jewellery Boutique.
 27658 | D:13     | Bought a +4 ring of protection for 468 gold pieces
 27718 | D:13     | Found a runed translucent gate.
 27718 | D:13     | Found a runed translucent gate.
 27718 | D:13     | Found a runed translucent gate.
 27718 | D:13     | Noticed Roczioh's ghost (journeyman DsEn)
 27718 | D:13     | Noticed Aurophilus's ghost (journeyman HOFi)
 27718 | D:13     | Noticed a lich
 27718 | D:13     | Noticed a lich
 27718 | D:13     | Noticed a lich
 27862 | D:14     | Found a gate to the Vaults.
 27935 | D:14     | Reached skill level 13 in Spellcasting
 28053 | D:13     | Found Tayssim's Weapon Emporium.
 28434 | D:15     | Entered Level 15 of the Dungeon
 28522 | D:15     | Reached ****** piety under Hepliaklqana
 28562 | D:15     | Found a staircase to the Depths.
 28717 | D:15     | Identified the +5 scale mail "Wamow" {Rampage rElec rC-
                  | Dex+4}
 29086 | Swamp:1  | Entered Level 1 of the Swamp
 29128 | Swamp:1  | Reached skill level 14 in Spellcasting
 29230 | Swamp:1  | Noticed a thorn hunter
 29240 | Swamp:1  | Killed a thorn hunter
 29528 | Swamp:1  | Reached XP level 17. HP: 73/105 MP: 0/0
 29528 | Swamp:1  | Learned a level 6 spell: Summon Cactus Giant
 29605 | Swamp:2  | HP: 4/112 [eleionoma/spray of wooden splinters (27)]
 29624 | Swamp:1  | Killed from afar by an eleionoma

Illustrated notes

Levels and vault maps discovered:
D:1:      dpeg_arrival_boxes_within_box, layout_loops_ring,
          shapermc_ecumenical_altar_starsandcircs, minmay_hedge_maze
D:2:      layout_rooms, minmay_heptomino_w4
D:3:      layout_basic, minmay_misc_feat_rows, chequers_serial_rivers_micro_e
D:4:      layout_rooms, nicolae_overflow_two_pavilions, interstate_on_off,
          uniq_duvessa
D:5:      layout_rooms
D:6:      hangedman_cross_stitches, layout_loops_ring, gammafunk_ghost_hive,
          abandoned_shop
D:7:      layout_loops_corners, mainiacjoe_overflow_brackets, temple_green
D:8:      layout_basic, erik_lair_dragon, serial_shops, nicolae_shop_trees
D:9:      layout_roguey, nicolae_overflow_hallway_of_the_gods
D:10:     layout_layer_cave, hiddenorc1_lemuel, uniq_gastronok
D:11:     layout_loops_ring, minmay_starry_boxes, uniq_sonja
D:12:     layout_basic, serial_demonic, serial_demonic_d, serial_demonic_e,
          serial_demonic_c, serial_demonic_f
D:13:     layout_basic, gammafunk_ghost_crypt, serial_shops,
          kennysheep_little_box, nicolae_shop_bloodbath_and_beyond, uniq_nessos
D:14:     layout_irregular_city, david_vaults_4, minivault_14
D:15:     grunt_enter_depths_hoard, layout_rooms
Temple:   nicolae_temple_ecumenical_triangle
Lair:1:   layout_layer_cave, lemuel_fruit_fields, grunt_megastairs_3
Lair:2:   layout_layer_cave, minmay_snake_entry_guardpost_medium
Lair:3:   layout_cave_pods, swamp_mist, infiniplex_staircase_pool,
          uniq_nergalle, uniq_kirke
Lair:4:   lemuel_reptile_caves, layout_hall_layers, slime_entry_1,
          nicolae_volcano_entry_hallway, lemuel_fruit_tree
Lair:5:   evil_forest, layout_gridlike, lemuel_fruit_fields
Swamp:1:  layout_falls_marsh, nicolae_swamp_fairy_circle, swamp_pool1,
          nicolae_swamp_necromancer_hut
Swamp:2:  layout_basic_swamp, serial_swamp_ruin, evilmike_swamp_ruin_wall,
          evilmike_swamp_ruin_rubble_1, swamp_pool5, cheibrodos_swamp_witchery
Orc:1:    layout_diamond_mine, basic_altar
Orc:2:    st_orc_open, layout_caves, gauntlet_entry_generic, uniq_maurice

Skill      XL: |  1  2  3  4  5  6  7  8  9 10 11 12 13 14 15 16 |
---------------+-------------------------------------------------+-----
Fighting       | 1 2 3 4 7 8 10 11 12 | 12.9
Armour         | 1 2 4 |  4.0
Spellcasting   | 4 5 6 8 10 11 12 14 | 14.0
Dodging        | 3 4 6 8 |  8.0
Shields        | 5 6 8 10 | 10.0
Polearms       | 1 |  1.9
Invocations    | 5 9 10 | 10.0
Evocations     | 6 |  6.0
Throwing       | 4 |  4.0
Axes           | 3 7 |  7.8
Stealth        | |  1.5

Action                   |  1- 3 |  4- 6 |  7- 9 | 10-12 | 13-15 | 16-18 || total
-------------------------+-------+-------+-------+-------+-------+-------++-------
Melee: Unarmed           |     1 |       |       |       |       |       ||     1
       Falchion          |     9 |       |       |       |       |       ||     9
       Mace              |    43 |       |       |       |       |       ||    43
       Spear             |       |    13 |    70 |    45 |       |       ||   128
       Hand axe          |       |       |       |    50 |   212 |    43 ||   305
       Staff             |       |       |       |       |       |    10 ||    10
Throw: Dart              |       |       |       |       |     1 |       ||     1
 Cast: Summon Small Mamm |    46 |    22 |     1 |       |       |       ||    69
       Call Imp          |    11 |    10 |     5 |     5 |     2 |       ||    33
       Sandblast         |     1 |    20 |    17 |     4 |     4 |       ||    46
       Summon Guardian G |       |     8 |    19 |    42 |    47 |    23 ||   139
       Call Canine Famil |       |     6 |    25 |    36 |    49 |    14 ||   130
       Blink             |       |     1 |     2 |       |     7 |       ||    10
       Confusing Touch   |       |       |     5 |       |       |       ||     5
       Summon Lightning  |       |       |    16 |    24 |    48 |    17 ||   105
       Anguish           |       |       |    21 |    64 |    44 |     2 ||   131
       Summon Forest     |       |       |       |       |    19 |    18 ||    37
       Agony             |       |       |       |       |     2 |       ||     2
       Iron Shot         |       |       |       |       |       |    23 ||    23
       Summon Cactus Gia |       |       |       |       |       |     3 ||     3
Invok: Ancestor Identity |       |       |     5 |       |       |       ||     5
       Ancestor Life: Ba |       |       |       |     1 |       |       ||     1
       Recall Ancestor   |       |       |       |     2 |     6 |     5 ||    13
       Transference      |       |       |       |     1 |     1 |       ||     2
       Idealise          |       |       |       |     1 |     3 |     1 ||     5
Evoke: Wand              |       |       |       |       |     3 |     1 ||     4
  Use: Scroll            |       |       |     7 |    13 |    14 |     1 ||    35
       Potion            |       |       |     1 |       |     2 |     2 ||     5
 Stab: Sleeping          |       |     1 |       |     1 |     1 |     1 ||     4
       Confused          |       |       |     2 |       |       |       ||     2
       Distracted        |       |       |     1 |     2 |     9 |     4 ||    16
       Invisible         |       |       |       |       |       |     1 ||     1
Armor: Robe              |     1 |       |       |       |       |       ||     1
       Leather armour    |     8 |     2 |    26 |       |     1 |       ||    37
       Ring mail         |    11 |    16 |       |       |       |       ||    27
       Steam dragon scal |       |       |       |    30 |    61 |       ||    91
       Troll leather arm |       |       |       |       |    32 |    19 ||    51
Dodge: Dodged            |    36 |    20 |    57 |    69 |   176 |    32 ||   390
Block: Buckler           |       |       |       |    22 |       |       ||    22
       Kite shield       |       |       |       |    15 |   201 |    36 ||   252

Table legend: (Time is in decaauts)
 A = Elapsed time spent in this place.
 B = Non-inter-level travel time spent in this place.
 C = Inter-level travel time spent in this place.
 D = Time resting spent in this place.
 E = Time spent auto-exploring this place.
 F = Levels seen in this place.
 G = Mean time per level.
                   A        B        C        D        E       F      G
               +--------+--------+--------+--------+--------+-----+--------+
         Total |  29808 |  25569 |   4239 |   3497 |  16527 |  27 | 1104.0 |
       Dungeon |  17938 |  15190 |   2748 |   1938 |   9917 |  15 | 1195.9 |
        Temple |     43 |     37 |      6 |      0 |     30 |   1 |   43.0 |
          Lair |   8944 |   8035 |    909 |    990 |   5941 |   5 | 1788.8 |
         Swamp |    535 |    304 |    231 |      0 |     40 |   2 |  267.5 |
  Orcish Mines |   1081 |    738 |    343 |     53 |    363 |   2 |  540.5 |
       Volcano |    879 |    879 |      0 |    516 |     95 |   1 |  879.0 |
      Gauntlet |    387 |    387 |      0 |      0 |    141 |   1 |  387.0 |
               +--------+--------+--------+--------+--------+-----+--------+

Top non-repeatable levels by time:
  Lair:5: 2628 daAuts
    D:10: 2104 daAuts
  Lair:4: 1942 daAuts
  Lair:1: 1716 daAuts
     D:7: 1698 daAuts
     D:8: 1637 daAuts
     D:1: 1591 daAuts
     D:6: 1569 daAuts
     D:4: 1428 daAuts
     D:5: 1392 daAuts
  Lair:2: 1373 daAuts
  Lair:3: 1283 daAuts
    D:11: 1261 daAuts
    D:12: 1233 daAuts
     D:3: 962 daAuts
